 Dungeon Crawl Stone Soup version 0.31.0-32-g396128a36d (webtiles) character file.

Game seed: 5597321217377686783

17444 roadie00 the Cruncher (level 12, -7/104 HPs)
             Began as a Green Draconian Berserker on Mar 13, 2024.
             Was a Priest of Trog.
             Shot with an arrow by a centaur (13 damage)
             ... on level 2 of the Orcish Mines.
             The game lasted 01:07:45 (7470 turns).

roadie00 the Cruncher (Green Draconian Berserker)   Turns: 7470, Time: 01:07:46

Health: -7/104     AC: 16    Str: 24    XL:     12   Next: 18%
Magic:  12/12      EV: 20    Int:  7    God:    Trog [***...]
Gold:   413        SH:  0    Dex: 12    Spells: 11/11 levels left

rFire   . . .        p - +6 quarterstaff (chaos)
rCold   . . .        (shield currently unavailable)
rNeg    . . .        (body armour unavailable)
rPois   +            (helmet restricted)
rElec   .            q - +2 cloak {Stlth+}
rCorr   .            (no gloves)
SInv    .            u - +0 pair of boots
Will    ++...        (no amulet)
Stlth   ++++         d - +4 ring of protection
HPRegen 1.37/turn    j - +5 ring of evasion
MPRegen 0.13/turn

%: no passive effects
@: short of breath, strong-willed, regenerating, hasted, very quick
A: breathe noxious fumes, AC +8, unfitting armour, poison resistance,
cold-blooded
a: Breathe Noxious Fumes, Renounce Religion, Berserk, Trog's Hand


You were on level 2 of the Orcish Mines.
You worshipped Trog.
Trog was most pleased with you.
You visited 2 branches of the dungeon, and saw 11 of its levels.

You collected 797 gold pieces.
You spent 384 gold pieces at shops.

Inventory:

Hand Weapons
 f - a +1 whip of electrocution
 k - a +2 heavy hand axe
 o - the +10 dire flail "Syomuuv" {pain, Will++ Int+3}
   (You took it off an ogre on level 3 of the Dungeon)

   Int+3:     It affects your intelligence (+3).
   Will++:    It greatly increases your willpower.
 p - a +6 quarterstaff of chaos (weapon)
 s - a +2 dagger of protection
 B - a +0 spear of flaming
Missiles
 c - 69 stones
 g - 11 boomerangs (quivered)
 h - 2 throwing nets
 I - 11 poisoned darts
Armour
 q - a +2 cloak of stealth (worn)
 u - a +0 pair of boots (worn)
 D - a +0 animal skin
 J - a scarf of repulsion
Jewellery
 d - a +4 ring of protection (left hand)
 j - a +5 ring of evasion (right hand)
 v - a ring of resist corrosion
Wands
 b - a wand of roots (8)
 i - a wand of mindburst (7)
 m - a wand of flame (13)
 r - a wand of polymorph (9)
 G - a wand of quicksilver (8)
Scrolls
 e - a scroll of silence
 x - 2 scrolls of noise
 y - a scroll of brand weapon
 C - a scroll of blinking
Potions
 a - a potion of resistance
 F - a potion of mutation
Miscellaneous
 w - a phial of floods (inert)


   Skills:
 + Level 9.3 Fighting
 + Level 2.2(3.9) Short Blades
 + Level 5.0(5.3) Long Blades
 + Level 2.4(8.6) Polearms
 + Level 12.8(12.9) Staves
 + Level 2.4 Throwing
 + Level 9.2 Dodging
 + Level 7.3 Stealth


You had 11 spell levels left.
You didn't know any spells.
Your spell library contained the following spells:

 Spells                   Type           Power      Damage    Failure   Level
 Summon Small Mammal      Summ           0%         N/A       43%         1
 Call Canine Familiar     Summ           0%         N/A       80%         3
 Summon Blazeheart Golem  Fire/Summ      0%         N/A       99%         4


Dungeon Overview and Level Annotations

Branches:
Dungeon (11/15)              Lair (0/5) D:9             Orc (2/2) D:11
 Temple: D:4-7          Elf: Orc:2

Altars:
Dithmenos
Qazlal
Wu Jian
Zin

Shops:
D:9 [   D:11 (

Annotations:
D:5 Pikel


Innate Abilities, Weirdness & Mutations

You can breathe blasts of noxious fumes.
Your lurid green scales are hard. (AC +8)
You cannot fit into any form of body armour.
Your system is resistant to poisons. (rPois)
You are cold-blooded and may be slowed by cold attacks.


Message History

The orc warrior shoots an arrow.
The arrow closely misses you.
The centaur wields a +0 shortbow.
The centaur shoots an arrow.
The arrow hits you but does no damage.
Your skin crawls.
You feel strong-willed.
The orc knight shoots a bolt.
The bolt hits you.
* * * LOW HITPOINT WARNING * * *
The orc shoots an arrow.
The arrow misses you.
The centaur shoots an arrow.
The arrow hits you.
* * * LOW HITPOINT WARNING * * *
The orc warrior shoots an arrow.
The arrow hits you but does no damage.
The centaur shoots an arrow.
The arrow closely misses you.
Aim the phial where?
Press: ? - help, Q - select action, (/) - cycle Shift-Dir - straight line, f/p - orc knight
Aim: an orc knight, wielding a +0 arbalest (lightly wounded, 60% to hit)
The torrent of water misses the orc warrior.
The torrent of water hits the orc knight!
The orc knight is moderately wounded.
The orc knight is engulfed in water.
The wave splashes down.
The orc warrior is engulfed in water.
The ogre is engulfed in water.
The orc is engulfed in water.
You hear a shout! x5
You hit the orc warrior.
The orc warrior seems to slow down.
The orc warrior is lightly wounded.
You hit the orc warrior. You freeze the orc warrior.
You tail-slap the orc warrior!
The orc warrior is heavily wounded.
The orc unwields a +0 orcbow.
The orc wields a +0 hand axe.
The orc closely misses you.
The orc warrior unwields a +0 orcbow.
The orc warrior wields a +0 war axe.
The orc warrior hits you but does no damage.
You bludgeon the orc warrior!! You burn the orc warrior.
You kill the orc warrior!
Trog accepts your kill.
The orc knight shoots a bolt.
The bolt hits you but does no damage.
Your skin crawls.
You feel strong-willed. The orc barely misses you.
The centaur shoots an arrow.
The arrow hits you!
You die...

......................
..............))......
..................)......
.....................$)......
.........$......~~~..........
................~~~..........
..............))o~~..........
................Ooc..........
.............)O.@............
.............................
..).........................
###.##.####.##.....#.......
###### ################


You could see an orc knight (waterlogged), 2 ogres, a centaur and an orc
(strong, waterlogged).

Vanquished Creatures
  Josephine (D:11)
  2 two-headed ogres (D:11)
  3 death yaks (D:9)
  Maurice (D:7)
  A kobold blastminer (Orc:2)
  A gargoyle (D:8)
  An unseen horror (D:11)
  2 trolls
  2 hornets
  Grinder (D:5)
  Sigmund (D:2)
  A shadow (D:11)
  24 yaks
  4 wraiths (D:11)
  Eustachio (D:5)
  Grum (D:11)
  2 steam dragons (D:7)
  2 vampire mosquitoes (D:11)
  A water moccasin (D:7)
  4 ice beasts
  2 sky beasts (D:7)
  18 orc warriors
  2 ogres
  4 wolves (D:11)
  5 centaurs (Orc:2)
  A kobold brigand (D:4)
  3 bullfrogs (D:7)
  A scorpion (D:5)
  6 wights
  The ghost of Pascal76 the Trooper, a weakling MiFi (D:3)
  5 howler monkeys
  A bombardier beetle (D:7)
  12 orc priests
  A hound (D:4)
  A jelly (D:5)
  Crazy Yiuf (D:4)
  3 gnoll boudas
  An iguana (D:4)
  A sleepcap (D:5)
  Natasha (thrice) (D:2)
  16 orc wizards
  2 hell rats (D:9)
  26 gnolls
  A river rat (D:9)
  5 adders
  2 shadow imps (D:8)
  A white imp (D:5)
  A dart slug (D:3)
  75 orcs
  8 bats
  4 endoplasms
  4 giant cockroaches
  5 goblins
  3 hobgoblins
  17 jackals
  2 quokkas
  A ball python (D:3)
  2 frilled lizards
  9 kobolds
  3 rats
315 creatures vanquished.

Vanquished Creatures (collateral kills)
  A shadow (D:11)
  2 wraiths (D:11)
  2 orc warriors (D:11)
  A kobold brigand (D:8)
  5 orcs
  2 kobolds (D:8)
13 creatures vanquished.

Vanquished Creatures (others)
  A sky beast (D:7)
  An ogre (D:3)
  An orc wizard (Orc:2)
  An orc zombie (Orc:2)
4 creatures vanquished.

Grand Total: 332 creatures vanquished

Notes
Turn   | Place    | Note
-------+----------+-------------------------------------------
     0 | D:1      | roadie00 the Draconian Berserker began the quest for the
                  | Orb.
     0 | D:1      | Reached XP level 1. HP: 19/19 MP: 1/1
    92 | D:1      | Reached XP level 2. HP: 12/26 MP: 2/2
   413 | D:2      | Noticed Natasha
   414 | D:2      | Found a faded altar of an unknown god.
   429 | D:2      | Killed Natasha
   430 | D:2      | Reached XP level 3. HP: 17/33 MP: 3/3
   538 | D:2      | Reached ** piety under Trog
   668 | D:2      | Reached XP level 4. HP: 21/40 MP: 4/4
   773 | D:2      | Noticed Sigmund
   788 | D:2      | Killed Sigmund
   789 | D:2      | Reached XP level 5. HP: 25/47 MP: 5/5
   929 | D:2      | Noticed Natasha
   943 | D:2      | Killed Natasha
   968 | D:2      | Noticed Natasha
   984 | D:2      | Killed Natasha
   985 | D:2      | Reached skill level 5 in Long Blades
   985 | D:2      | Reached XP level 6. HP: 11/53 MP: 6/6
  1405 | D:3      | Found a transporter.
  1407 | D:3      | Identified the +10 dire flail "Syomuuv" {pain, Will++
                  | Int+3}
  1407 | D:3      | Noticed Pascal76's ghost (weakling MiFi)
  1408 | D:3      | Found a transporter.
  1429 | D:3      | Reached skill level 1 in Polearms
  1439 | D:3      | Reached skill level 1 in Stealth
  1622 | D:4      | Found a shadowy altar of Dithmenos.
  1825 | D:4      | Your scales start taking on a lurid green colour.
  1825 | D:4      | Reached XP level 7. HP: 55/60 MP: 7/7
  1825 | D:4      | Gained mutation: Your system is resistant to poisons.
                  | (rPois) [Green Draconian growth]
  1973 | D:4      | Found an ornate altar of the Wu Jian Council.
  2041 | D:4      | Found a runed translucent door.
  2042 | D:4      | Noticed Crazy Yiuf
  2063 | D:4      | Killed Crazy Yiuf
  2064 | D:4      | Reached skill level 5 in Fighting
  2064 | D:4      | Reached skill level 1 in Short Blades
  2122 | D:5      | Entered Level 5 of the Dungeon
  2135 | D:5      | Noticed Eustachio
  2233 | D:5      | Killed Eustachio
  2234 | D:5      | Reached skill level 2 in Staves
  2234 | D:5      | Reached skill level 5 in Dodging
  2389 | D:5      | Noticed Grinder
  2401 | D:5      | Reached XP level 8. HP: 65/69 MP: 8/8
  2416 | D:5      | Paralysed by Grinder for 4 turns
  2429 | D:5      | Killed Grinder
  2430 | D:5      | Reached skill level 3 in Staves
  2440 | D:5      | Noticed Pikel
  2938 | D:4      | Reached *** piety under Trog
  2943 | D:4      | Reached skill level 4 in Staves
  3232 | D:4      | Reached skill level 5 in Staves
  3367 | D:3      | Killed Pascal76's ghost
  3492 | D:5      | You fall into a shaft and drop 2 floors!
  3639 | D:7      | Noticed Maurice
  3644 | D:7      | Something stole 2 boomerangs
  3648 | D:7      | Something stole a +1 dagger of speed
  3653 | D:7      | Something stole a ring of resist corrosion
  3681 | D:7      | Killed Maurice
  3682 | D:7      | Reached skill level 6 in Staves
  3682 | D:7      | Reached XP level 9. HP: 51/75 MP: 3/9
  3760 | D:7      | Reached skill level 7 in Staves
  4039 | D:7      | Found a stormy altar of Qazlal.
  4309 | D:8      | Noticed a gargoyle
  4319 | D:8      | Killed a gargoyle
  4320 | D:8      | Reached skill level 8 in Staves
  4346 | D:8      | Reached XP level 10. HP: 43/83 MP: 10/10
  4574 | D:8      | Reached skill level 1 in Throwing
  4627 | D:8      | Reached **** piety under Trog
  4640 | D:8      | Reached skill level 5 in Stealth
  4735 | D:8      | Reached skill level 9 in Staves
  5151 | D:9      | Found Orenonk's Antique Armour Shop.
  5156 | D:9      | Bought a glowing scarf for 288 gold pieces
  5218 | D:9      | Reached skill level 10 in Staves
  5372 | D:9      | Found a glowing silver altar of Zin.
  5548 | D:9      | Reached XP level 11. HP: 94/94 MP: 11/11
  5557 | D:9      | Reached ***** piety under Trog
  5619 | D:9      | Noticed a death yak
  5620 | D:9      | Noticed a death yak
  5621 | D:9      | Found a staircase to the Lair.
  5625 | D:9      | Noticed a death yak
  5636 | D:9      | Killed a death yak
  5643 | D:9      | Killed a death yak
  5649 | D:9      | Killed a death yak
  5650 | D:9      | Reached skill level 11 in Staves
  5868 | D:9      | You fall into a shaft and drop 2 floors!
  5971 | D:11     | Noticed Grum
  5998 | D:11     | Killed Grum
  6145 | D:11     | Found Riqam's Weapon Boutique.
  6147 | D:11     | Found a staircase to the Orcish Mines.
  6189 | D:11     | Noticed Josephine
  6202 | D:11     | Noticed a two-headed ogre
  6213 | D:11     | Killed Josephine
  6233 | D:11     | Killed a two-headed ogre
  6235 | D:11     | Reached skill level 12 in Staves
  6676 | D:11     | Noticed a two-headed ogre
  6687 | D:11     | Killed a two-headed ogre
  6897 | D:11     | Bought 4 boomerangs for 96 gold pieces
  6900 | Orc:1    | Entered Level 1 of the Orcish Mines
  6999 | Orc:2    | Entered Level 2 of the Orcish Mines
  7177 | Orc:2    | Reached XP level 12. HP: 93/104 MP: 12/12
  7335 | Orc:2    | HP: 2/104 [orc warrior/+0 flail (9)]
  7464 | Orc:2    | HP: 5/104 [orc knight/bolt (6)]
  7464 | Orc:2    | HP: 1/104 [centaur/arrow (4)]
  7470 | Orc:2    | Shot with an arrow by a centaur

Illustrated notes

Levels and vault maps discovered:
D:1:      lemuel_arrival_hallway, layout_rooms, hangedman_feature_mirror
D:2:      layout_loops_cross, ebering_ecumenical_altar_mist, uniq_sigmund,
          uniq_natasha
D:3:      layout_loops_cross, gammafunk_ghost_smash
D:4:      lemuel_castle_with_subvaults [lemuel_castle_interior_carwin_3],
          layout_basic, nicolae_wu_jian_wuxing_cycle,
          nicolae_dithmenos_the_darkroom, uniq_crazy_yiuf_cottage
D:5:      layout_basic, minmay_temple_entry_crystal_x, minmay_fractal_squares_5,
          uniq_eustachio, uniq_grinder, uniq_pikel
D:7:      layout_gridville, nicolae_qazlal_style_of_elements, dk_noncrumbling_2,
          hangedman_misty_isle, uniq_maurice
D:8:      layout_loops_cross
D:9:      layout_basic, mainiacjoe_overflow_six_doors_small, dpeg_lair_monsters,
          serial_shops, nicolae_shop_crystal
D:11:     layout_long_grid, orc_david_3, uniq_josephine, uniq_grum
Orc:1:    layout_diamond_mine, ebering_ghost_xom, uniq_urug, uniq_sonja
Orc:2:    st_orc_rangers, layout_diamond_mine, serial_shops,
          nicolae_shop_crystal, minmay_orc_temple_b

Skill      XL: |  1  2  3  4  5  6  7  8  9 10 11 |
---------------+----------------------------------+-----
Dodging        | 3 4 5 6 7 9 |  9.2
Fighting       | 4 5 6 8 9 |  9.3
Long Blades    | 4 5 |  5.0
Polearms       | 2 |  2.4
Stealth        | 1 2 3 4 6 7 |  7.3
Short Blades   | 2 |  2.2
Staves         | 2 6 8 10 12 | 12.8
Throwing       | 1 2 |  2.4

Action                     |  1- 3 |  4- 6 |  7- 9 | 10-12 || total
---------------------------+-------+-------+-------+-------++-------
  Melee: Falchion          |   106 |     4 |       |       ||   110
         Tailslap          |     5 |    15 |    35 |    61 ||   116
         Halberd           |       |    37 |       |       ||    37
         Dagger            |       |    96 |    25 |       ||   121
         Punch             |       |     2 |       |       ||     2
         Quarterstaff      |       |       |   297 |   414 ||   711
  Throw: Boomerang         |       |       |     6 |    20 ||    26
         Throwing net      |       |       |       |     1 ||     1
 Invoke: Berserk           |     1 |     5 |    11 |    12 ||    29
         Trog's Hand       |       |     2 |     3 |     8 ||    13
         Brothers in Arms  |       |       |       |     7 ||     7
Ability: Breathe Noxious F |       |       |     3 |    21 ||    24
  Evoke: Wand              |       |       |       |     1 ||     1
         Phial of floods   |       |       |       |     1 ||     1
    Use: Scroll            |     3 |     3 |     5 |    11 ||    22
         Potion            |     1 |     3 |     1 |     8 ||    13
   Stab: Sleeping          |       |     2 |     3 |     2 ||     7
         Petrified         |       |       |     6 |       ||     6
         Confused          |       |       |     1 |    15 ||    16
 Armour: Skin              |    84 |    87 |   200 |   236 ||   607
  Dodge: Dodged            |    93 |   141 |   356 |   369 ||   959
